 Dungeon Crawl Stone Soup version 0.31-a0-188-g5e087ee2ca (webtiles) character file.

Game seed: 6832697459419164666

3416 qw the Markself (level 9, -10/52 HPs)
             Began as a Deep Elf Hunter on June 22, 2023.
             Was a Follower of Okawaru.
             Mangled by Amaemon
             ... wielding a +0 demon whip of venom
              (14 damage)
             ... on level 8 of the Dungeon.
             The game lasted 00:03:57 (7600 turns).

qw the Markself (Deep Elf Hunter)                   Turns: 7600, Time: 00:03:57

Health: -10/52     AC:  8    Str: 12    XL:     9   Next: 76%
Magic:  14/14      EV: 16    Int: 15    God:    Okawaru [*.....]
Gold:   447        SH:  0    Dex: 18    Spells: 8/8 levels left

rFire   . . .        Y - +4 orcbow
rCold   . . .        (shield currently unavailable)
rNeg    . . .        d - +0 ring mail
rPois   .            g - +0 helmet
rElec   .            (no cloak)
rCorr   .            (no gloves)
SInv    .            b - +0 pair of boots
Will    .....        (no amulet)
Stlth   +++          (no ring)
HPRegen 0.28/turn    (no ring)
MPRegen 0.14/turn

%: no passive effects
@: lethally poisoned (-10 -> -17), heroic, slowed, very slow
A: no striking features
a: Renounce Religion, Heroism


You were on level 8 of the Dungeon.
You worshipped Okawaru.
Okawaru was aware of your devotion.
You visited 2 branches of the dungeon, and saw 9 of its levels.

You collected 447 gold pieces.


   Skills:
 - Level 4.1(9.1) Fighting
 + Level 15.9(20.9) Ranged Weapons
 - Level 1.0(6.0) Armour
 - Level 5.0(10.0) Dodging
 - Level 1.2(6.2) Stealth
 - Level 4.2 Invocations


You had 8 spell levels left.
You didn't know any spells.
Your spell library was empty.

Inventory:

Hand Weapons
 Y - a +4 orcbow (weapon)
Armour
 a - the +2 pair of gloves of Waseott {-Tele rC+ SInv}
   (You acquired it on level 2 of the Dungeon)

   rC:        It protects you from cold.
   SInv:      It lets you see invisible.
   -Tele:     It prevents most forms of teleportation.
 b - a +0 pair of boots (worn)
 d - a +0 ring mail (worn)
 g - a +0 helmet (worn)
Scrolls
 f - a scroll of identify
 h - 3 scrolls of teleportation
Potions
 c - a potion of mutation {unknown}
 e - a potion of haste
 i - 3 potions of curing
 j - a potion of heal wounds

Dungeon Overview and Level Annotations

Branches:
Dungeon (8/15)             Temple (1/1) D:5
   Lair: D:8-11

Altars:
Ashenzari
Cheibriados
Dithmenos
Elyvilon
Fedhas
Gozag
Hepliaklqana
Kikubaaqudgha
Makhleb
Nemelex Xobeh
Okawaru
Qazlal
Ru
Sif Muna
Trog
Uskayaw
Vehumet
Wu Jian
Xom
Yredelemnul
Zin
The Shining One

Shops:
D:5 *

Annotations:
D:7 1 runed translucent door, Crazy Yiuf
D:8 Amaemon


Message History

Amaemon is moderately wounded.
You feel very sick.
You hear a screech!
You shoot an arrow. The arrow hits Amaemon!
Amaemon is heavily wounded.
You feel sick.
An orange demon comes into view.
Amaemon closely misses you. Amaemon barely misses you.
Amaemon completely misses you.
You shoot an arrow. The arrow hits Amaemon!
Amaemon is heavily wounded.
You feel sick. Amaemon completely misses you. Amaemon claws you.
Amaemon barely misses you.
You shoot an arrow. The arrow closely misses Amaemon.
The arrow hits the orc priest.
The orc priest is moderately wounded.
You feel sick. Something hits you.
The orange demon stings you but does no damage.
Amaemon casts a spell.
You shoot an arrow. The arrow closely misses Amaemon.
The arrow hits the orc priest!
You kill the orc priest!
Okawaru accepts your kill.
You feel sick. The scorpion barely misses you.
You hear some strange, mumbled words.
A magic dart appears from out of thin air!
The magic dart hits you.
Amaemon points at the scorpion and mumbles some strange words.
The scorpion seems to grow toxic.
The orange demon stings you from afar.
You shoot an arrow. The arrow hits Amaemon.
Amaemon is heavily wounded.
You feel sick. The scorpion closely misses you.
You shoot an arrow. The arrow hits Amaemon!
Amaemon is severely wounded.
You feel sick. The orange demon stings you from afar.
You are more poisoned.
You have difficulty breathing.
You feel yourself slow down. Something hits you but does no damage.
Amaemon hits you with a +0 demon whip of venom!
You die...

##..# ....# ##
####...>## o.
........#
o..#6##.......##
..6........))...
#4s.).# ##6{s)#
#@#..#
##s#..######
#.##..#..##...#
#.............#
...###.##..##.>.#
# .......###.##
#........# #.##
#.##.##..##.#.##
#. #.##....###.##


You could see Amaemon, an orange demon (curare) and 3 scorpions.

Vanquished Creatures
  Joseph (D:7)
  A wyvern (D:7)
  Menkaure (D:4)
  Edmund (D:5)
  A water moccasin (D:6)
  Duvessa (D:5)
  3 sky beasts (D:7)
  An ice beast (D:6)
  2 centaurs
  2 ogres
  A phantom (D:4)
  3 kobold brigands
  Blork the orc (D:5)
  A bullfrog (D:7)
  A gnoll sergeant (D:5)
  3 scorpions
  5 wights (D:7)
  Dowan (D:5)
  3 howler monkeys
  A gnoll bouda (D:6)
  A hound (D:6)
  A jelly (D:6)
  3 orc priests
  2 sleepcaps
  Ijyb (D:3)
  3 iguanas
  4 orc wizards (D:8)
  A mummy (D:7)
  6 gnolls
  13 adders
  A shadow imp (D:5)
  3 white imps
  2 dart slugs (D:4)
  22 orcs
  5 endoplasms
  A giant cockroach (D:1)
  5 hobgoblins
  4 jackals (D:5)
  3 quokkas
  2 ball pythons (D:1)
  5 bats
  A frilled lizard (D:1)
  2 goblins
  A hobgoblin zombie (D:7)
  30 kobolds
  An orc zombie (D:7)
  3 rats
  A spectral goblin (D:1)
161 creatures vanquished.

Notes
Turn   | Place    | Note
-------+----------+-------------------------------------------
     0 | D:1      | qw the Deep Elf Hunter began the quest for the Orb.
     0 | D:1      | Reached XP level 1. HP: 12/12 MP: 3/3
     0 | D:1      | 0 ||| qw: Version: 0.3-a-9-g12657ce
     0 | D:1      | 0 ||| qw: Game counter: 3047
     0 | D:1      | 0 ||| qw: Always use a shield: true
     0 | D:1      | 0 ||| qw: God list: Okawaru
     0 | D:1      | 0 ||| qw: Allow faded altars: false
     0 | D:1      | 0 ||| qw: Do Orc after D:15 true
     0 | D:1      | 0 ||| qw: Do second Lair branch before Depths: true
     0 | D:1      | 0 ||| qw: Lair rune preference: random
     0 | D:1      | 0 ||| qw: Plans: Normal
     0 | D:1      | 0 ||| PLANNING D:1-11
   165 | D:1      | Reached skill level 6 in Ranged Weapons
   165 | D:1      | Reached XP level 2. HP: 16/16 MP: 4/4
   305 | D:1      | Found a faded altar of an unknown god.
   307 | D:1      | 307 ||| Stepping ~*~*~tactically~*~*~ (water).
   313 | D:1      | 313 ||| Stepping ~*~*~tactically~*~*~ (water).
   465 | D:1      | 465 ||| UPGRADING to +0 ring mail.
   475 | D:1      | 475 ||| DROPPING +0 leather armour.
   476 | D:1      | 476 ||| DROPPING amulet of magic regeneration.
   477 | D:1      | 477 ||| READING scroll labelled ZYOLEBL DETOGU.
   478 | D:1      | 478 ||| READING scroll labelled DIQAENW HOIPH.
   579 | D:1      | 579 ||| DRINKING 2 orange potions.
   580 | D:1      | 580 ||| DROPPING scroll of butterflies.
   581 | D:1      | 581 ||| DROPPING potion of invisibility.
   654 | D:2      | 654 ||| SWAPPING to +0 orcbow.
   661 | D:2      | 661 ||| DROPPING +0 shortbow.
   759 | D:2      | Found a radiant altar of Vehumet.
   914 | D:2      | Reached XP level 3. HP: 20/20 MP: 5/5
  1000 | D:2      | 1000 ||| READING scroll labelled MABBENT JIDESM.
  1001 | D:2      | 1001 ||| READING scroll labelled ZICHEI PYAG.
  1002 | D:2      | 1002 ||| READING scroll labelled LOXORCH SUMI.
  1002 | D:2      | Identified a scroll of acquirement
  1002 | D:2      | 1002 ||| ACQUIRING +2 pair of gloves of Waseott {-Tele rC+
                  | SInv}
  1002 | D:2      | Acquired the +2 pair of gloves of Waseott {-Tele rC+ SInv}
  1099 | D:3      | Reached skill level 7 in Ranged Weapons
  1182 | D:3      | Reached XP level 4. HP: 25/25 MP: 6/6
  1202 | D:3      | Noticed Ijyb
  1204 | D:3      | Killed Ijyb
  1245 | D:3      | 1245 ||| Stepping ~*~*~tactically~*~*~ (outnumbered).
  1247 | D:3      | 1247 ||| FLEEEEING.
  1250 | D:3      | 1250 ||| FLEEEEING.
  1251 | D:3      | 1251 ||| FLEEEEING.
  1257 | D:3      | 1257 ||| FLEEEEING.
  1258 | D:3      | 1258 ||| FLEEEEING.
  1259 | D:3      | 1259 ||| FLEEEEING.
  1265 | D:3      | 1265 ||| FLEEEEING.
  1266 | D:3      | 1266 ||| FLEEEEING.
  1267 | D:3      | 1267 ||| FLEEEEING.
  1269 | D:3      | 1269 ||| FLEEEEING.
  1270 | D:3      | 1270 ||| FLEEEEING.
  1271 | D:3      | 1271 ||| FLEEEEING.
  1272 | D:3      | 1272 ||| FLEEEEING.
  1273 | D:3      | 1273 ||| FLEEEEING.
  1274 | D:3      | 1274 ||| FLEEEEING.
  1275 | D:3      | 1275 ||| FLEEEEING.
  1276 | D:3      | 1276 ||| FLEEEEING.
  1277 | D:3      | 1277 ||| FLEEEEING.
  1278 | D:3      | 1278 ||| STAIRDANCE
  1321 | D:2      | 1321 ||| UPGRADING to +0 helmet.
  1326 | D:2      | 1326 ||| READING scroll labelled ICI LEXEITT.
  1327 | D:2      | 1327 ||| READING scroll labelled TAIWNU XEBOURI.
  1330 | D:2      | 1330 ||| READING 2 scrolls of identify.
  1330 | D:2      | 1330 ||| IDENTIFYING emerald potion
  1331 | D:2      | 1331 ||| DROPPING potion of degeneration.
  1353 | D:3      | 1353 ||| STAIRDANCE
  1353 | D:3      | HP: 3/25 [orc priest/divine providence (12)]
  1356 | D:2      | Reached skill level 8 in Ranged Weapons
  1446 | D:3      | 1446 ||| STAIRDANCE
  1484 | D:3      | 1484 ||| STAIRDANCE
  1530 | D:3      | Reached XP level 5. HP: 29/29 MP: 7/7
  1742 | D:3      | 1742 ||| DRINKING 2 viscous silvery potions.
  1772 | D:4      | Noticed an ogre
  1777 | D:4      | Killed an ogre
  1778 | D:4      | Reached skill level 9 in Ranged Weapons
  1812 | D:4      | Reached XP level 6. HP: 34/34 MP: 8/8
  2040 | D:4      | 2040 ||| READING scroll of enchant weapon.
  2040 | D:4      | 2040 ||| ENCHANTING +1 orcbow.
  2083 | D:4      | Noticed Menkaure
  2090 | D:4      | HP: 7/35 [??? (5)]
  2092 | D:4      | Killed Menkaure
  2093 | D:4      | Reached skill level 10 in Ranged Weapons
  2326 | D:4      | Reached skill level 3 in Dodging
  2395 | D:4      | Reached skill level 1 in Armour
  2395 | D:4      | Reached XP level 7. HP: 38/40 MP: 9/9
  2666 | D:4      | 2666 ||| READING scroll labelled NUERHY VIQO.
  2667 | D:4      | 2667 ||| DRINKING 2 sapphire potions.
  2668 | D:4      | 2668 ||| READING 3 scrolls of identify.
  2668 | D:4      | 2668 ||| IDENTIFYING yellow potion
  2669 | D:4      | 2669 ||| READING 2 scrolls of identify.
  2669 | D:4      | 2669 ||| IDENTIFYING red potion
  2670 | D:4      | 2670 ||| DROPPING potion of brilliance.
  2724 | D:5      | Entered Level 5 of the Dungeon
  2727 | D:5      | Reached skill level 11 in Ranged Weapons
  2752 | D:5      | 2752 ||| FLEEEEING.
  2753 | D:5      | 2753 ||| FLEEEEING.
  2754 | D:5      | 2754 ||| STAIRDANCE
  2870 | D:5      | 2870 ||| STAIRDANCE
  2935 | D:5      | 2935 ||| READING scroll of enchant weapon.
  2935 | D:5      | 2935 ||| ENCHANTING +2 orcbow.
  2959 | D:5      | Found Kunenaub's Elemental Accessories.
  2959 | D:5      | Noticed Edmund
  2969 | D:5      | Killed Edmund
  2970 | D:5      | Reached skill level 12 in Ranged Weapons
  3032 | D:5      | Noticed Duvessa
  3035 | D:5      | Noticed Dowan
  3042 | D:5      | Killed Duvessa
  3043 | D:5      | Reached skill level 3 in Fighting
  3043 | D:5      | Reached XP level 8. HP: 29/46 MP: 10/10
  3044 | D:5      | HP: 16/69 [Dowan/stone arrow (12)]
  3045 | D:5      | 3045 ||| DRINKING potion of heal wounds.
  3052 | D:5      | HP: 17/69 [Dowan/+2 dagger of speed (6)]
  3057 | D:5      | HP: 14/69 [poisoned by a gnoll]
  3059 | D:5      | Killed Dowan
  3062 | D:5      | HP: 6/69 [poisoned by a gnoll]
  3067 | D:5      | HP: 3/69 [poisoned by a gnoll]
  3273 | D:5      | Found a staircase to the Ecumenical Temple.
  3274 | D:5      | 3274 ||| PLANNING TEMPLE
  3377 | D:5      | Found a hide-covered altar of Uskayaw.
  3380 | D:5      | Found a shimmering blue altar of Sif Muna.
  3384 | D:5      | Found a glowing silver altar of Zin.
  3384 | D:5      | Found a broken altar of Ashenzari.
  3384 | D:5      | Found a glowing golden altar of the Shining One.
  3384 | D:5      | Found a basalt altar of Yredelemnul.
  3387 | D:5      | Found a white marble altar of Elyvilon.
  3490 | D:5      | Noticed Blork the orc
  3495 | D:5      | Killed Blork the orc
  3889 | D:5      | 3889 ||| UPGRADING to +0 pair of boots.
  3894 | D:5      | 3894 ||| READING 2 scrolls of identify.
  3894 | D:5      | 3894 ||| IDENTIFYING ruby potion
  3895 | D:5      | 3895 ||| DROPPING potion of magic.
  3961 | Temple   | Entered the Ecumenical Temple
  3962 | Temple   | 3962 ||| PLANNING OKAWARU WORSHIP
  3983 | Temple   | Became a worshipper of Warmaster Okawaru
  3984 | Temple   | 3984 ||| PLANNING D:1-11
  4023 | D:6      | Reached skill level 13 in Ranged Weapons
  4191 | D:6      | 4191 ||| Stepping ~*~*~tactically~*~*~ (outnumbered).
  4193 | D:6      | 4193 ||| Stepping ~*~*~tactically~*~*~ (outnumbered).
  4195 | D:6      | 4195 ||| Stepping ~*~*~tactically~*~*~ (outnumbered).
  4387 | D:6      | Reached skill level 14 in Ranged Weapons
  4671 | D:6      | 4671 ||| Stepping ~*~*~tactically~*~*~ (outnumbered).
  5004 | D:6      | 5004 ||| DROPPING +6 ring of intelligence.
  5005 | D:6      | 5005 ||| READING scroll labelled NUUSISTAUHI.
  5007 | D:6      | 5007 ||| Stepping ~*~*~tactically~*~*~ (cloud).
  5111 | D:7      | 5111 ||| PLANNING OSSUARY
  5133 | D:7      | Reached * piety under Okawaru
  5139 | D:7      | Reached XP level 9. HP: 51/51 MP: 11/11
  5144 | D:7      | Reached skill level 1 in Invocations
  5148 | D:7      | 5148 ||| INVOKING Heroism.
  5244 | D:7      | 5244 ||| INVOKING Heroism.
  5308 | D:7      | Noticed Joseph
  5312 | D:7      | 5312 ||| FLEEEEING.
  5313 | D:7      | 5313 ||| FLEEEEING.
  5318 | D:7      | 5318 ||| FLEEEEING.
  5319 | D:7      | 5319 ||| FLEEEEING.
  5320 | D:7      | 5320 ||| FLEEEEING.
  5321 | D:7      | 5321 ||| FLEEEEING.
  5322 | D:7      | 5322 ||| FLEEEEING.
  5323 | D:7      | 5323 ||| FLEEEEING.
  5324 | D:7      | 5324 ||| FLEEEEING.
  5325 | D:7      | 5325 ||| FLEEEEING.
  5326 | D:7      | 5326 ||| FLEEEEING.
  5333 | D:7      | 5333 ||| FLEEEEING.
  5334 | D:7      | 5334 ||| FLEEEEING.
  5335 | D:7      | 5335 ||| FLEEEEING.
  5336 | D:7      | 5336 ||| FLEEEEING.
  5348 | D:7      | 5348 ||| FLEEEEING.
  5349 | D:7      | 5349 ||| FLEEEEING.
  5350 | D:7      | 5350 ||| FLEEEEING.
  5351 | D:7      | 5351 ||| FLEEEEING.
  5352 | D:7      | 5352 ||| FLEEEEING.
  5353 | D:7      | 5353 ||| STAIRDANCE
  5408 | D:7      | Killed Joseph
  5409 | D:7      | Reached skill level 15 in Ranged Weapons
  5576 | D:7      | 5576 ||| Stepping ~*~*~tactically~*~*~ (outnumbered).
  5578 | D:7      | 5578 ||| Stepping ~*~*~tactically~*~*~ (outnumbered).
  5600 | D:7      | 5600 ||| READING scroll of enchant weapon.
  5600 | D:7      | 5600 ||| ENCHANTING +3 orcbow.
  5730 | D:7      | 5730 ||| RIP OSSUARY
  5738 | D:7      | 5738 ||| PLANNING D:1-11
  5988 | D:7      | 5988 ||| INVOKING Heroism.
  5990 | D:7      | Reached skill level 3 in Invocations
  6279 | D:7      | Found a runed translucent door.
  6280 | D:7      | Noticed Crazy Yiuf
  7461 | D:8      | 7461 ||| INVOKING Heroism.
  7582 | D:8      | Noticed Amaemon
  7583 | D:8      | 7583 ||| INVOKING Heroism.
  7584 | D:8      | 7584 ||| Stepping ~*~*~tactically~*~*~ (outnumbered).
  7586 | D:8      | 7586 ||| Stepping ~*~*~tactically~*~*~ (outnumbered).
  7595 | D:8      | Noticed an orange demon
  7600 | D:8      | HP: 11/52 [orange demon[Amaemon] (3)]
  7600 | D:8      | HP: 4/52 [asphyx]
  7600 | D:8      | Mangled by Amaemon

Levels and vault maps discovered:
D:1:      eino_arrival_cavern_e, layout_rooms,
          dreamdust_ecumenical_altar_drowned_temple, minmay_cut_off
D:2:      layout_rooms, basic_altar
D:3:      layout_rooms, nicolae_half_adder, uniq_ijyb
D:4:      layout_gridville, hangedman_decor_growths,
          nicolae_elevator_lobby_plus, uniq_menkaure
D:5:      cheibrodos_thug_alley, layout_cave_pools, minitemple, temple_pool_b,
          wad_woods_river_04, nicolae_elemental_shop, amcnicky_mini_pool_small,
          uniq_edmund, uniq_blork_the_orc, uniq_duvessa
D:6:      layout_basic
D:7:      layout_loops_ring, nicolae_ossuary_entry_giza,
          uniq_crazy_yiuf_cottage, uniq_joseph
D:8:      layout_loops_ring, enter_bailey_2, uniq_amaemon
Temple:   hellmonk_temple_two_chambers

Skill      XL: |  1  2  3  4  5  6  7  8  9 |
---------------+----------------------------+-----
Ranged Weapons | 6 7 8 9 10 12 14 15 | 15.9
Fighting       | 2 3 4 |  4.1
Dodging        | 3 5 |  5.0
Armour         | 1 |  1.0
Invocations    | 4 |  4.2
Stealth        | |  1.2

Action                     |  1- 3 |  4- 6 |  7- 9 || total
---------------------------+-------+-------+-------++-------
   Fire: Shortbow          |    59 |       |       ||    59
         Orcbow            |    32 |   104 |   357 ||   493
 Invoke: Heroism           |       |       |     5 ||     5
    Use: Scroll            |     5 |     4 |     7 ||    16
         Potion            |     1 |     1 |     2 ||     4
 Armour: Leather armour    |     2 |       |       ||     2
         Ring mail         |     3 |    19 |    25 ||    47
         Skin              |       |       |    28 ||    28
  Dodge: Dodged            |    21 |    44 |    68 ||   133

Table legend:
 A = Non-vault XP
 B = Vault XP
 C = Vault XP percentage of total XP
 D = Non-vault monster count
 E = Vault monster count
 F = Vault count percentage of total count
                 A         B        C        D         E       F
            +---------+---------+-------+---------+---------+-------
      Total |    3582 |    1299 |  26.6 |     133 |      28 |  17.4
            +---------+---------+-------+---------+---------+-------
        D:1 |      24 |       6 |  20.0 |      17 |       4 |  19.0
        D:2 |      18 |       0 |   0.0 |      10 |       0 |   0.0
        D:3 |     132 |      77 |  36.8 |       9 |       4 |  30.8
        D:4 |     433 |     169 |  28.1 |      22 |       1 |   4.3
        D:5 |     561 |     574 |  50.6 |      22 |      15 |  40.5
        D:6 |     697 |       0 |   0.0 |      19 |       0 |   0.0
        D:7 |    1412 |     473 |  25.1 |      25 |       4 |  13.8
        D:8 |     305 |       0 |   0.0 |       9 |       0 |   0.0
            +---------+---------+-------+---------+---------+-------
